 Dungeon Crawl Stone Soup version 0.29.1-12-g30fa7ad0bf (webtiles) character file.

Game seed: 8801380427748012082

99 MisterFreud the Changer (level 4, -2/35 HPs)
             Began as a Draconian Transmuter on Dec 17, 2022.
             Killed from afar by Natasha (7 damage)
             ... with a puff of flame
             ... on level 4 of the Dungeon.
             The game lasted 00:03:07 (3089 turns).

MisterFreud the Changer (Draconian Transmuter)      Turns: 3089, Time: 00:03:08

Health: -2/35      AC:  5    Str: 12    XL:     4   Next: 45%
Magic:  7/7        EV: 12    Int: 16    God:
Gold:   1250       SH:  0    Dex: 11    Spells: 1/7 levels left

rFire   . . .      SeeInvis .     - Unarmed
rCold   + . .      Faith    .   (no shield)
rNeg    . . .      Spirit   .   (body armour unavailable)
rPois   .          Reflect  .   (helmet currently unavailable)
rElec   .          Harm     .   (no cloak)
rCorr   .          Rampage  .   (no gloves)
Will    +....                   (boots currently unavailable)
Stlth   +.........              (no amulet)
HPRegen 0.11/turn               i - ring of protection from cold
MPRegen 0.10/turn               m - ring of willpower

@: about to teleport, appendages
A: horns 2, talons 2, AC +5, unfitting armour, cold-blooded
a: End Transformation


You were on level 4 of the Dungeon.
You had temporarily grown beastly horns and talons.
You visited 1 branch of the dungeon, and saw 4 of its levels.

You collected 1250 gold pieces.

Inventory:

Hand Weapons
 n - the +4 mace "Transmigrator" {freeze, rPois SInv}
   (You found it on level 2 of the Dungeon)

   It freezes those it strikes, dealing additional cold damage.
   It can also slow down cold-blooded creatures.
   rPois:     It protects you from poison.
   SInv:      It lets you see invisible.
Armour
 l - a +1 pair of boots (melded)
Jewellery
 i - a ring of protection from cold (left hand)
 m - a ring of willpower (right hand)
Scrolls
 d - a scroll of enchant weapon
 e - a scroll of teleportation
Potions
 a - a potion of lignification
 b - a potion of heal wounds
 c - a potion of invisibility {unknown}
 g - a potion of magic
 h - a potion of mutation {unknown}
 k - a potion of might {unknown}


   Skills:
 - Level 1.6 Fighting
 - Level 2.1 Dodging
 - Level 3.2 Unarmed Combat
 - Level 2.2 Spellcasting
 + Level 3.3 Transmutations
 + Level 1.9 Poison Magic


You had one spell level left.
You knew the following spells:

 Your Spells              Type           Power      Damage    Failure   Level
a - Beastly Appendage     Tmut           24%        N/A       4%          1
b - Wereblood             Tmut           12%        N/A       8%          2
c - Spider Form           Tmut/Pois      10%        N/A       21%         3

Your spell library contained the following spells:

 Spells                   Type           Power      Damage    Failure   Level
 Ice Form                 Ice/Tmut       7%         N/A       69%         4


Dungeon Overview and Level Annotations

Branches:
Dungeon (4/15)
 Temple: D:4-7

Altars:

Annotations:
D:4 Natasha


Innate Abilities, Weirdness & Mutations

You have temporarily grown beastly horns and talons.
Your plain brown scales are hard. (AC +5)
You cannot fit into any form of body armour.
You are cold-blooded and may be slowed by cold attacks.


Message History

Natasha and a worm come into view.
Natasha is carrying a wand of flame (15).
Natasha hisses angrily.
There are monsters nearby!
Natasha mumbles some strange words.
You grow a pair of large bovine horns.
Your feet morph into talons.
Your +1 pair of boots melds into your body.
Natasha mumbles some strange words.
Natasha mewls in sadness.
Natasha zaps a wand.
The puff of flame hits you!
You closely miss the crimson imp. Your kick misses the crimson imp.
Your headbutt misses the crimson imp.
Your tail-slap misses the crimson imp.
Natasha claws you!
The crimson imp blinks!
You hit the crimson imp. Your kick misses the crimson imp.
The crimson imp is lightly wounded.
Natasha claws you!
The crimson imp blinks!
An iguana comes into view.
The crimson imp barely misses you.
You are too injured to fight recklessly!
The iguana hisses angrily.
You hit Natasha. Your kick misses Natasha.
Natasha is lightly wounded.
You hear a bark! x2
Natasha claws you!
* * * LOW HITPOINT WARNING * * *
The crimson imp blinks!
Unknown command.
Unknown command.
A goblin comes into view. It is wielding a +0 dagger.
The goblin shouts!
A jackal comes into view. x2
As you read the scroll of teleportation, it crumbles to dust.
You feel strangely unstable. Natasha barely misses you.
Natasha attacks as you move away! Natasha claws you.
* * * LOW HITPOINT WARNING * * *
Found a scroll labelled ROPHEI TOSTRO.
A jackal comes into view.
Natasha attacks as you move away! Natasha misses you.
Natasha zaps a wand.
The puff of flame hits you!
You die...

#.# #.#...#.#
#..... ## #.
#..#....###...##...
#.
#..##....##........
#...##.#....#......
#..................
#.#.##.#....#......
#.#..#.#.h#.=......
#......#..#.#......
#......g@.h.l......
..w...####5h......
...... #....5...
..... .........
.... .5..... . ....
........ . h..?


You could see a worm, an iguana, Natasha, 2 crimson imps, 2 jackals and a
goblin.

Vanquished Creatures
  An iguana (D:2)
  2 worms
  4 dart slugs
  9 bats
  5 endoplasms
  2 giant cockroaches (D:1)
  4 goblins
  A hobgoblin (D:1)
  3 jackals (D:1)
  6 kobolds
  3 quokkas
  4 ball pythons
  4 frilled lizards
  6 rats
54 creatures vanquished.

Vanquished Creatures (others)
  A fungus (D:3)
  4 toadstools (D:3)
5 creatures vanquished.

Grand Total: 59 creatures vanquished

Notes
Turn   | Place    | Note
-------+----------+-------------------------------------------
     0 | D:1      | MisterFreud the Draconian Transmuter began the quest for
                  | the Orb.
     0 | D:1      | Reached XP level 1. HP: 16/16 MP: 3/3
   109 | D:1      | Reached XP level 2. HP: 20/23 MP: 5/5
   754 | D:1      | Reached XP level 3. HP: 23/28 MP: 4/6
   757 | D:1      | Learned a level 2 spell: Wereblood
   761 | D:1      | Learned a level 3 spell: Spider Form
  1362 | D:2      | Found a faded altar of an unknown god.
  1473 | D:2      | Identified the +4 mace "Transmigrator" {freeze, rPois SInv}
  1530 | D:2      | Reached skill level 1 in Poison Magic
  1530 | D:2      | Reached XP level 4. HP: 34/35 MP: 5/7
  1739 | D:2      | Identified a scroll of acquirement
  1739 | D:2      | Acquired 1017 gold pieces
  3077 | D:4      | Noticed Natasha
  3089 | D:4      | Killed from afar by Natasha

Illustrated notes

Levels and vault maps discovered:
D:1:      amcnicky_arrival_flooded_fountain, layout_rooms
D:2:      layout_basic, chequers_ecumenical_altar_twisty
D:3:      layout_loops_corners, minmay_gold_behind_fungi
D:4:      layout_rooms, grunt_temple_overflow_order_and_chaos_2,
          chequers_temple_overflow_statue_of_worship,
          minmay_temple_entry_mini_moons, minivault_5, minmay_circle_x,
          uniq_natasha

Skill      XL: |  1  2  3 |
---------------+----------+-----
Dodging        | 2 |  2.1
Transmutations | 3 |  3.3
Poison Magic   | 1 |  1.9
Fighting       | |  1.6
Unarmed Combat | |  3.2
Spellcasting   | |  2.2

Action                   |  1- 3 |  4- 6 || total
-------------------------+-------+-------++-------
Melee: Unarmed           |    91 |    36 ||   127
       Kick              |    20 |     4 ||    24
       Headbutt          |    12 |     5 ||    17
       Tailslap          |     6 |     4 ||    10
       Punch             |     2 |       ||     2
 Cast: Beastly Appendage |    24 |    12 ||    36
  Use: Scroll            |       |    13 ||    13
 Stab: Sleeping          |       |     1 ||     1
Armor: Skin              |    35 |     9 ||    44
Dodge: Dodged            |   100 |    19 ||   119
